 Dungeon Crawl Stone Soup version 0.31.0-9-g3a7656b989 (webtiles) character file.

Game seed: 5510363630523171716

100 qw the Shooter (level 4, -6/25 HPs)
             Began as a Deep Elf Hunter on Feb 2, 2024.
             Killed by nerve-wracking pain
             ... invoked by Grinder
              (14 damage)
             ... while paralysed by Grinder
             ... on level 3 of the Dungeon.
             The game lasted 00:00:07 (2016 turns).

qw the Shooter (Deep Elf Hunter)                    Turns: 2016, Time: 00:00:08

Health: -6/25      AC:  6    Str: 10    XL:     4   Next: 47%
Magic:  6/6        EV:  2    Int: 14    God:
Gold:   167        SH:  0    Dex: 18    Spells: 3/3 levels left

rFire   . . .        a - +0 shortbow
rCold   . . .        (shield currently unavailable)
rNeg    . . .        d - +0 ring mail
rPois   .            (no helmet)
rElec   .            (no cloak)
rCorr   .            (no gloves)
SInv    .            e - +0 pair of boots
Will    .....        (no amulet)
Stlth   +            (no ring)
HPRegen 0.24/turn    (no ring)
MPRegen 0.10/turn

%: no passive effects
@: paralysed
A: no striking features
a: no special abilities


You were on level 3 of the Dungeon.
You visited 1 branch of the dungeon, and saw 3 of its levels.

You collected 167 gold pieces.


   Skills:
 - Level 1.5 Fighting
 + Level 7.9 Ranged Weapons
 - Level 2.4 Dodging
 - Level 1.2 Stealth


You had 3 spell levels left.
You didn't know any spells.
Your spell library was empty.

Inventory:

Hand Weapons
 a - a +0 shortbow (weapon)
Armour
 d - a +0 ring mail (worn)
 e - a +0 pair of boots (worn)
Potions
 f - a potion of curing
 g - a potion of resistance {unknown}

Dungeon Overview and Level Annotations

Branches:
Dungeon (3/15)

Altars:

Annotations:
D:3 Grinder


Message History

Grinder comes into view.
Grinder shouts!
You hear a loud squeak.
You shoot an arrow. The arrow hits Grinder.
Grinder is lightly wounded.
Grinder gestures at you.
You suddenly lose the ability to move!
A rat comes into view.
Grinder hits you but does no damage. Grinder hits you! Grinder hits you.
You writhe in agony.
Grinder hits you.
You writhe in agony.
You can move again.
You shoot an arrow. The arrow barely misses Grinder.
The arrow hits the rat but does no damage.
Grinder barely misses you.
You shoot an arrow. The arrow closely misses Grinder.
The arrow hits the rat.
You kill the rat!
Grinder hits you but does no damage.
You shoot an arrow. The arrow hits Grinder.
Grinder is lightly wounded.
Grinder blinks!
You shoot an arrow.
The arrow hits Grinder but does no damage.
Grinder is lightly wounded.
You shoot an arrow. The arrow hits Grinder.
Grinder is moderately wounded.
You shoot an arrow. The arrow hits Grinder.
Grinder is heavily wounded.
Grinder blinks!
You shoot an arrow.
The arrow hits Grinder but does no damage.
Grinder is heavily wounded.
Grinder gestures at you.
You suddenly lose the ability to move!
Grinder hits you but does no damage. Grinder gestures at you.
Pain shoots through your body!
Ouch! That really hurt!
You die...
Grinder says, "Hey, I wasn't done torturing you yet!"

. .. ###### ...
#....# .... #....##
.....##.....#
.....%5@.[..#
.....##.....#####
... #.......... .
#....#####.#
###.(.......
##.######.######.#
#.......#.######
#########..........
......>.....##.#.#.


You could see Grinder.

Vanquished Creatures
  An orc wizard (D:3)
  2 adders (D:2)
  2 ribbon worms (D:2)
  4 orcs (D:3)
  4 ball pythons
  5 endoplasms
  3 giant cockroaches
  7 goblins
  2 hobgoblins
  A kobold (D:1)
  3 quokkas (D:2)
  5 bats
  A frilled lizard (D:1)
  6 rats
46 creatures vanquished.

Notes
Turn   | Place    | Note
-------+----------+-------------------------------------------
     0 | D:1      | qw the Deep Elf Hunter began the quest for the Orb.
     0 | D:1      | Reached XP level 1. HP: 12/12 MP: 3/3
     0 | D:1      | 0 ||| qw: Version: 0.3-a-155-g5e7d8dd
     0 | D:1      | 0 ||| qw: Game counter: 2807
     0 | D:1      | 0 ||| qw: Melee chars always use a shield: true
     0 | D:1      | 0 ||| qw: God list: Okawaru
     0 | D:1      | 0 ||| qw: Allow faded altars: false
     0 | D:1      | 0 ||| qw: Do Orc after clearing Dungeon:15 true
     0 | D:1      | 0 ||| qw: Do second Lair branch before Depths: true
     0 | D:1      | 0 ||| qw: Lair rune preference: random
     0 | D:1      | 0 ||| qw: Goals: Normal
     0 | D:1      | 0 ||| PLANNING D:1-11
   278 | D:1      | Reached XP level 2. HP: 16/16 MP: 4/4
   300 | D:1      | Reached skill level 6 in Ranged Weapons
   397 | D:1      | Found a faded altar of an unknown god.
   711 | D:1      | 711 ||| READING scroll labelled BIELIU NECWIT.
   712 | D:1      | 712 ||| READING scroll labelled LIOMOPSABIOR.
   712 | D:1      | 712 ||| IDENTIFYING fuming grey potion
   713 | D:1      | 713 ||| DROPPING scroll of butterflies.
   714 | D:1      | 714 ||| DROPPING potion of lignification.
   810 | D:2      | Reached XP level 3. HP: 20/20 MP: 5/5
  1112 | D:2      | Reached skill level 7 in Ranged Weapons
  1616 | D:2      | 1616 ||| UPGRADING to +0 ring mail.
  1626 | D:2      | 1626 ||| DROPPING +0 leather armour.
  1627 | D:2      | 1627 ||| UPGRADING to +0 pair of boots.
  1632 | D:2      | 1632 ||| READING scroll of identify.
  1632 | D:2      | 1632 ||| IDENTIFYING ruby potion
  1633 | D:2      | 1633 ||| READING scroll labelled APIOLE UPPIO.
  1734 | D:2      | 1734 ||| READING scroll labelled TUAMIO NOWELUX.
  1772 | D:3      | 1772 ||| FLEEEEING.
  1773 | D:3      | 1773 ||| FLEEEEING.
  1774 | D:3      | 1774 ||| FLEEEEING.
  1775 | D:3      | 1775 ||| STAIRDANCE
  1853 | D:3      | 1853 ||| STAIRDANCE
  1890 | D:3      | Reached XP level 4. HP: 25/25 MP: 6/6
  2002 | D:3      | Noticed Grinder
  2003 | D:3      | Paralysed by Grinder for 5 turns
  2007 | D:3      | HP: 5/25 [Grinder (4)]
  2014 | D:3      | Paralysed by Grinder for 4 turns
  2016 | D:3      | Killed from afar by Grinder

Levels and vault maps discovered:
D:1:      denvon_arrival_planthouse, layout_basic,
          dreamdust_ecumenical_altar_sealed_demon
D:2:      cheibrodos_helix_gallery, layout_basic
D:3:      layout_basic, serial_park_tiny_1, uniq_grinder

Skill      XL: |  1  2  3 |
---------------+----------+-----
Ranged Weapons | 6 7 |  7.9
Fighting       | |  1.5
Dodging        | |  2.4
Stealth        | |  1.2

Action                     |  1- 3 |  4- 6 || total
---------------------------+-------+-------++-------
   Fire: Shortbow          |    99 |    25 ||   124
    Use: Scroll            |     5 |       ||     5
 Armour: Leather armour    |     6 |       ||     6
         Ring mail         |     3 |    19 ||    22
  Dodge: Dodged            |    10 |     9 ||    19

Table legend:
 A = Non-vault XP
 B = Vault XP
 C = Vault XP percentage of total XP
 D = Non-vault monster count
 E = Vault monster count
 F = Vault count percentage of total count
                 A         B        C        D         E       F
            +---------+---------+-------+---------+---------+-------
      Total |     138 |       6 |   4.2 |      44 |       2 |   4.3
            +---------+---------+-------+---------+---------+-------
        D:1 |      24 |       0 |   0.0 |      15 |       0 |   0.0
        D:2 |      58 |       6 |   9.4 |      19 |       2 |   9.5
        D:3 |      56 |       0 |   0.0 |      10 |       0 |   0.0
            +---------+---------+-------+---------+---------+-------
